 Dungeon Crawl Stone Soup version 0.29.1-4-g47bece8355 (webtiles) character file.

Game seed: 15803721697356663670

652 ChadusMaximus the Caller (level 7, -5/46 HPs)
             Began as a Human Summoner on Dec 7, 2022.
             Slain by a black bear (6 damage)
             ... on level 5 of the Dungeon.
             The game lasted 00:08:07 (6206 turns).

ChadusMaximus the Caller (Human Summoner)           Turns: 6206, Time: 00:08:08

Health: -5/46      AC:  3    Str:  8    XL:     7   Next: 84%
Magic:  2/13       EV: 12    Int: 17    God:
Gold:   283        SH:  0    Dex: 14    Spells: 9/15 levels left

rFire   . . .      SeeInvis .   d - +0 flail
rCold   . . .      Faith    .   (no shield)
rNeg    + . .      Spirit   .   a - +0 robe
rPois   .          Reflect  .   (no helmet)
rElec   .          Harm     .   h - +0 cloak
rCorr   .          Rampage  .   (no gloves)
Will    +....                   (no boots)
Stlth   ++........              (no amulet)
HPRegen 0.15/turn               w - ring of willpower
MPRegen 0.13/turn               i - ring of positive energy

@: about to teleport, flying
A: no striking features
a: no special abilities


You were on level 5 of the Dungeon.
You visited 1 branch of the dungeon, and saw 5 of its levels.
You also visited: Ossuary.

You collected 283 gold pieces.

Inventory:

Hand Weapons
 d - a +0 flail (weapon)
Armour
 a - a +0 robe (worn)
 h - a +0 cloak (worn)
Jewellery
 i - a ring of positive energy (right hand)
 w - a ring of willpower (left hand)
Scrolls
 f - a scroll of enchant armour {unknown}
 g - 3 scrolls of magic mapping
 l - a scroll of amnesia {unknown}
 n - a scroll of immolation {unknown}
 s - a scroll of butterflies {unknown}
 u - a scroll of blinking {unknown}
 v - a scroll of enchant weapon {unknown}
 y - a scroll of summoning {unknown}
 B - a scroll of poison {unknown}
 C - a scroll of acquirement {unknown}
Potions
 b - a potion of magic
 e - 2 potions of resistance {unknown}
 j - 5 potions of flight
 k - 3 potions of lignification {unknown}
 m - a potion of heal wounds {unknown}
 o - 3 potions of curing {unknown}
 p - a potion of attraction {unknown}
 q - a potion of mutation {unknown}
 r - a potion of degeneration {unknown}
 t - a potion of brilliance {unknown}
 x - 2 potions of cancellation {unknown}
 z - 2 potions of berserk rage {unknown}
 A - a potion of haste


   Skills:
 - Level 2.6 Dodging
 - Level 2.8 Stealth
 + Level 4.5 Spellcasting
 * Level 7.2 Summonings


You had 9 spell levels left.
You knew the following spells:

 Your Spells              Type           Power      Damage    Failure   Level
a - Summon Small Mammal   Summ           100%       N/A       1%          1
b - Call Canine Familiar  Summ           28%        N/A       2%          3
c - Call Imp              Summ           28%        N/A       1%          2

Your spell library contained the following spells:

 Spells                   Type           Power      Damage    Failure   Level
 Summon Guardian Golem    Hex/Summ       16%        N/A       10%         3
 Sting                    Tmut/Pois      12%        1d3       16%         1
 Blink                    Tloc           6%         N/A       22%         2
 Poisonous Vapours        Pois/Air       6%         N/A       22%         2
 Summon Lightning Spire   Summ/Air       16%        N/A       32%         4
 Olgreb's Toxic Radiance  Pois           3%         N/A       83%         4


Dungeon Overview and Level Annotations

Branches:
Dungeon (5/15)            Ossuary (visited)
 Temple: D:4-7

Altars:
Gozag
The Shining One

Annotations:
D:4 Eustachio


Message History

The orc priest miscasts a cantrip.
Your quokka bites the black bear but does no damage.
Casting: Summon Small Mammal (safe; 1% risk of failure)
Confirm with . or Enter, or press ? or * to list all spells.
The black bear bites your quokka. The black bear claws your quokka.
Your quokka dies!
Your quokka's corpse disappears in a puff of smoke!
The black bear rages.
You swap places.
Your hound bites the black bear.
The black bear bites your hound! The black bear claws your hound.
The black bear barely misses your hound.
Your hound barely misses the black bear.
The black bear bites your hound.
Your hound dies!
Your hound's corpse disappears in a puff of smoke!
The orc priest invokes the aid of Beogh against you.
Beogh smites you! The black bear closely misses you.
The black bear claws you. x2
Okay, then.
As you read the scroll of teleportation, it crumbles to dust.
You feel strangely unstable. The black bear closely misses you.
The black bear claws you.
* * * LOW HITPOINT WARNING * * *
The black bear claws you but does no damage.
The black bear attacks as you move away!
The black bear misses you.
The black bear claws you but does no damage.
The black bear claws you.
* * * LOW HITPOINT WARNING * * *
The black bear rages.
The orc priest casts a cantrip, but nothing happens.
The black bear barely misses you. The black bear claws you.
* * * LOW HITPOINT WARNING * * *
The black bear claws you.
* * * LOW HITPOINT WARNING * * *
There is a stone staircase leading up, spattered with blood here.
It was a potion of flight.
You feel very buoyant.
You fly up into the air.
The black bear bites you.
You die...

#####.###)# #.....# #.# #.#####
#.# #.# #.# #.# ##.## #.#
##...## #.# ###.###.#####
####### #.###...# #.o...##
#...).####
#.....#.###.##h@.######........#
########.......#...>....###.##.#
#######...######.# ##.#######.#
#.........# ###########


You could see a black bear (berserk) and an orc priest.

Vanquished Creatures
  A centaur zombie (Ossuary)
  An adder (D:5)
  A gnoll (D:3)
  An ufetubus (D:4)
  2 worms
  2 dart slugs (D:2)
  6 bats
  3 endoplasms
  2 giant cockroaches
  4 goblins
  3 hobgoblins
  2 jackals (D:3)
  2 quokkas
  2 ball pythons
  A goblin zombie (Ossuary)
  5 hobgoblin zombies (Ossuary)
  3 kobolds
  A kobold zombie (Ossuary)
  8 rats
50 creatures vanquished.

Vanquished Creatures (collateral kills)
  An elf zombie (Ossuary)
  2 phantoms (D:4)
  A scorpion (D:4)
  A jelly (D:4)
  A human zombie (Ossuary)
  Jessica (D:2)
  An orc wizard (D:5)
  3 mummies
  3 gnolls (D:3)
  2 adders
  4 worms
  3 dart slugs
  3 orcs
  A ball python (D:1)
  3 endoplasms
  A goblin (D:1)
  2 hobgoblins
  4 jackals (D:1)
  2 quokkas (D:1)
  4 bats
  2 goblin zombies (Ossuary)
  7 hobgoblin zombies (Ossuary)
  2 jackal zombies (Ossuary)
  3 kobolds
  7 kobold zombies (Ossuary)
  7 orc zombies (Ossuary)
  3 rats
  A rat zombie (Ossuary)
75 creatures vanquished.

Grand Total: 125 creatures vanquished

Notes
Turn   | Place    | Note
-------+----------+-------------------------------------------
     0 | D:1      | ChadusMaximus the Human Summoner began the quest for the
                  | Orb.
     0 | D:1      | Reached XP level 1. HP: 13/13 MP: 3/3
   497 | D:1      | Reached XP level 2. HP: 8/19 MP: 1/5
  1164 | D:1      | Reached XP level 3. HP: 14/24 MP: 3/6
  2249 | D:2      | Reached XP level 4. HP: 27/30 MP: 7/7
  2523 | D:2      | Learned a level 3 spell: Call Canine Familiar
  2527 | D:2      | Learned a level 2 spell: Call Imp
  3000 | D:2      | Found a faded altar of an unknown god.
  3041 | D:2      | Noticed Jessica
  3055 | D:2      | Killed Jessica
  3056 | D:2      | Reached XP level 5. HP: 25/35 MP: 1/9
  3146 | D:2      | Got Jessica's Omnibus of the Jaunt
  3484 | D:3      | Found an opulent altar of Gozag.
  3646 | D:3      | Reached skill level 5 in Summonings
  4499 | D:4      | Noticed Eustachio
  4536 | D:4      | Reached XP level 6. HP: 24/41 MP: 5/11
  4553 | D:4      | Found a glowing golden altar of the Shining One.
  4578 | D:4      | Found a sand-covered staircase.
  4595 | Ossuary  | Entered an ossuary
  5062 | Ossuary  | Reached skill level 6 in Summonings
  5241 | Ossuary  | Reached XP level 7. HP: 45/46 MP: 8/12
  5770 | D:4      | Reached skill level 7 in Summonings
  6032 | D:5      | Entered Level 5 of the Dungeon
  6205 | D:5      | HP: 1/46 [black bear (5)]
  6206 | D:5      | Slain by a black bear

Illustrated notes

Levels and vault maps discovered:
D:1:      eino_arrival_druids_welcome, layout_basic
D:2:      layout_basic, ebering_ecumenical_altar_hall, kennysheep_jessica_study
D:3:      layout_loops_ring, amcnicky_altar_gilded, roderic_serpentine_path
D:4:      layout_cave_pools, tso_altar, nicolae_ossuary_entry_giza,
          fountainhead, uniq_eustachio, uniq_natasha
D:5:      layout_loops_ring, minmay_temple_entry_purple_smoke,
          nicolae_specific_store, uniq_ijyb

Skill      XL: |  1  2  3  4  5  6  7 |
---------------+----------------------+-----
Spellcasting   | 3 4 |  4.5
Summonings     | 5 6 7 |  7.2
Dodging        | |  2.6
Stealth        | |  2.8

Action                   |  1- 3 |  4- 6 |  7- 9 || total
-------------------------+-------+-------+-------++-------
Melee: Unarmed           |    30 |       |       ||    30
       Flail             |    66 |   127 |    44 ||   237
       Punch             |     1 |     1 |     1 ||     3
 Cast: Summon Small Mamm |    33 |    16 |     7 ||    56
       Call Imp          |       |     8 |     7 ||    15
       Call Canine Famil |       |    14 |    10 ||    24
  Use: Scroll            |       |     1 |     2 ||     3
       Potion            |       |       |     1 ||     1
 Stab: Sleeping          |     4 |     5 |     2 ||    11
       Distracted        |     1 |     3 |       ||     4
Armor: Robe              |    49 |    45 |    24 ||   118
Dodge: Dodged            |   114 |   107 |    58 ||   279
